 Dungeon Crawl Stone Soup version 0.21-a0-584-g185da8e (webtiles) character file.

455 mortelune the Conjurer (level 6, -2/32 HPs)
             Began as a Deep Elf Fire Elementalist on Dec 20, 2017.
             Was an Initiate of Vehumet.
             Killed by divine providence
             ... invoked by an orc priest
              (10 damage)
             ... on level 4 of the Dungeon.
             The game lasted 00:26:54 (4481 turns).

mortelune the Conjurer (Deep Elf Fire Elementalist) Turns: 4481, Time: 00:26:55

Health: -2/32      AC:  5    Str:  5    XL:     6   Next: 76%
Magic:  10/16      EV: 13    Int: 22    God:    Vehumet [......]
Gold:   232        SH:  0    Dex: 15    Spells: 5/15 levels left

rFire    . . .     SeeInvis .   k - +0 short sword
rCold    . . .     Gourm    .   (no shield)
rNeg     . . .     Faith    .   a - +0 robe
rPois    .         Spirit   .   n - +0 helmet
rElec    .         Reflect  .   m - +1 cloak
rCorr    .         Harm     .   (no gloves)
MR       .....                  (no boots)
Stlth    +++.......             (no amulet)
HPRegen  0.10/turn              w - ring of stealth
MPRegen  0.15/turn              (no ring)

@: very slightly contaminated
A: no striking features
a: Renounce Religion


You were on level 4 of the Dungeon.
You worshipped Vehumet.
Vehumet was noncommittal.
You were hungry.

You visited 2 branches of the dungeon, and saw 5 of its levels.

You collected 232 gold pieces.

Inventory:

Hand Weapons
 g - a +0 club
 h - a +0 dagger
 k - a +0 short sword (weapon)
Missiles
 d - a throwing net (quivered)
 e - 86 stones
Armour
 a - a +0 robe (worn)
 m - a +1 cloak (worn)
 n - a +0 helmet (worn)
Jewellery
 w - a ring of stealth (left hand)
Scrolls
 f - a scroll of blinking
 i - a scroll of remove curse {unknown}
 j - 2 scrolls of enchant armour
 p - a scroll of amnesia {unknown}
 q - a scroll of identify {unknown}
 s - a scroll of fog {unknown}
 t - a scroll of magic mapping {unknown}
 u - a scroll of teleportation {unknown}
Potions
 l - a potion of flight {unknown}
 o - a potion of berserk rage {unknown}
 r - a potion of magic {unknown}
 v - a potion of curing {unknown}
Books
 b - a book of Flames

   Spells                             Type                      Level
   a - Flame Tongue                   Conjuration/Fire             1
   b - Throw Flame                    Conjuration/Fire             2
   c - Conjure Flame                  Conjuration/Fire             3
   d - Inner Flame                    Hexes/Fire                   3
   e - Sticky Flame                   Conjuration/Fire             4
   f - Fireball                       Conjuration/Fire             5
Comestibles
 c - 10 rations


   Skills:
 - Level 2.4 Dodging
 - Level 2.4 Stealth
 + Level 5.4 Spellcasting
 * Level 5.5 Conjurations
 + Level 5.0 Fire Magic


You had 5 spell levels left.
You knew the following spells:

 Your Spells              Type           Power        Failure   Level  Hunger
a - Flame Tongue          Conj/Fire      ####.        1%          1    None
b - Throw Flame           Conj/Fire      ####..       1%          2    None
c - Conjure Flame         Conj/Fire      ####....     3%          3    ##.....
d - Sticky Flame          Conj/Fire      ####....     11%         4    ####...


Dungeon Overview and Level Annotations

Branches:
Dungeon (4/15)             Temple (1/1) D:4

Altars:
Ashenzari
Dithmenos
Fedhas
Hepliaklqana
Kikubaaqudgha
Makhleb
Nemelex Xobeh
Ru
Vehumet
Xom
Zin


Message History

Press: ? - help, Shift-Dir - straight line, f/p - orc priest
Aim: an orc priest, wielding a short sword (severely wounded)
The puff of flame hits the orc priest.
The orc priest is almost dead.
The orc priest invokes the aid of Beogh against you.
Beogh smites you!
* * * LOW HITPOINT WARNING * * *
Okay, then.
Casting: Throw Flame
Confirm with . or Enter, or press ? or * to list all spells.
Aiming: Throw Flame
Press: ? - help, Shift-Dir - straight line, f/p - orc priest
Aim: an orc priest, wielding a short sword (almost dead)
You miscast Throw Flame.
You are very lightly contaminated with residual magic.
Sparks fly from your hands!
An orc comes into view. It is wielding a whip.
The orc priest calls down the wrath of Beogh upon you.
Beogh smites you!
You die...

#....##....#####.....
#.#..##....# #....#
#.#..##....#####..o.#
#.#..##........#.oo.#
#.#..##....###.#....#
#.#..###.#.#..<#....#
#.#..# #.#.#.#.#.#
..#..# #.#...#.#.#
###..# #.#####.#@#
.....# #. ..#.#
###.############.# #
#..............# #
################ # #
# #


You could see 2 orc priests and an orc.

Vanquished Creatures
  An ice beast (D:4)
  An ogre (D:4)
  Jessica (D:2)
  Natasha (thrice) (D:2)
  An iguana (D:4)
  6 adders
  2 oozes (D:3)
  2 worms
  2 leopard geckos
  7 orcs
  6 bats
  A giant cockroach (D:2)
  9 goblins
  6 hobgoblins
  13 jackals
  8 kobolds
  2 quokkas (D:2)
  7 frilled lizards
  8 rats
86 creatures vanquished.

Notes
Turn   | Place    | Note
-------+----------+-------------------------------------------
     0 | D:1      | mortelune the Deep Elf Fire Elementalist began the quest for the Orb.
     0 | D:1      | Reached XP level 1. HP: 10/10 MP: 6/6
   359 | D:1      | Reached XP level 2. HP: 15/15 MP: 6/8
   363 | D:1      | Learned a level 2 spell: Throw Flame
  1267 | D:2      | Found a sacrificial altar of Ru.
  1296 | D:2      | Reached XP level 3. HP: 19/19 MP: 6/10
  1301 | D:2      | Learned a level 3 spell: Conjure Flame
  1994 | D:2      | Noticed Jessica
  1996 | D:2      | Killed Jessica
  1996 | D:2      | Reached XP level 4. HP: 24/24 MP: 9/12
  2002 | D:2      | Learned a level 4 spell: Sticky Flame
  2079 | D:2      | Noticed Natasha
  2085 | D:2      | Killed Natasha
  2146 | D:2      | Found a sparkling altar of Nemelex Xobeh.
  2203 | D:2      | Noticed Natasha
  2206 | D:2      | Killed Natasha
  2361 | D:2      | Noticed Natasha
  2363 | D:2      | Found a sparkling altar of Nemelex Xobeh.
  2373 | D:2      | Killed Natasha
  2373 | D:2      | Reached XP level 5. HP: 28/28 MP: 8/13
  4106 | D:4      | Found a staircase to the Ecumenical Temple.
  4113 | Temple   | Entered the Ecumenical Temple
  4172 | Temple   | Became a worshipper of Vehumet
  4226 | D:4      | Noticed an ogre
  4227 | D:4      | Reached XP level 6. HP: 32/32 MP: 9/15
  4235 | D:4      | Reached skill level 5 in Spellcasting
  4235 | D:4      | Reached skill level 5 in Conjurations
  4337 | D:4      | Noticed an ice beast
  4348 | D:4      | Killed an ice beast
  4348 | D:4      | Reached skill level 5 in Fire Magic
  4481 | D:4      | Killed from afar by an orc priest

Vault maps used:
D:1:      dpeg_arrival_rooms_c
D:2:      nemelex_altar_shiori, nicolae_ru_sacrificial_ziggurat, uniq_natasha,
          uniq_jessica
D:3:      minmay_door_square
D:4:      temple_green, uniq_menkaure
Temple:   compressed_dpeg_triangle_lava_temple

Skill      XL: |  1  2  3  4  5  6 |
---------------+-------------------+-----
Conjurations   | 2 3 4 5 |  5.5
Spellcasting   | 4 5 |  5.4
Fire Magic     | 4 5 |  5.0
Dodging        | |  2.4
Stealth        | |  2.4

Action                   |  1- 3 |  4- 6 || total
-------------------------+-------+-------++-------
Melee: Short sword       |     1 |     1 ||     2
 Cast: Flame Tongue      |    59 |    54 ||   113
       Throw Flame       |    13 |    32 ||    45
       Sticky Flame      |       |     4 ||     4
       Conjure Flame     |       |     1 ||     1
  Use: Scroll            |       |     2 ||     2
  Eat: Chunk             |     3 |     8 ||    11
Armor: Robe              |     1 |     4 ||     5
Dodge: Dodged            |    11 |    18 ||    29

Table legend:
 A = Spawn XP
 B = Non-spawn XP
 C = Spawn XP percentage of total XP
 D = Spawn monster count
 E = Non-spawn monster count
 F = Spawn count percentage of total count
 G = Total turns spent on level
                    A         B        C        D         E        F      G
               +---------+---------+-------+---------+---------+-------+---------
         Total |       0 |     651 |   0.0 |       0 |      86 |   0.0 |  4481
               +---------+---------+-------+---------+---------+-------+---------
           D:1 |       0 |      29 |   0.0 |       0 |      20 |   0.0 |  1138
           D:2 |       0 |     203 |   0.0 |       0 |      26 |   0.0 |  1784
           D:3 |       0 |     116 |   0.0 |       0 |      34 |   0.0 |  1137
           D:4 |       0 |     303 |   0.0 |       0 |       6 |   0.0 |   335
               +---------+---------+-------+---------+---------+-------+---------
